Map: King's Cove LE

Players

DIMAGA

  • Race: Zerg Zerg
  • Spawn Location: 11:00

HellraiseR - Winner!

  • Race: Protoss Protoss
  • Spawn Location: 5:00

Event: 2019 WCS Spring

VOD

Have the link to the VOD?

Description

Time

  • Played on: May 17, 2019, 12:24 p.m.
  • Length: 9:53

All games in this series

Show
View Real Time Build Order
Export as new Build Order

DIMAGA Zerg 

Build Orders: Hatch First 

Get SALT Encoding   

  12  0:00  Drone  
  13  0:12  Overlord  
  13  0:18  Drone  
  14  0:31  Drone x2  
  14  0:34  Drone  
  17  0:52  Hatchery  
  17  0:55  Drone  
  17  0:59  Drone  
  18  1:11  Extractor  
  17  1:14  Spawning Pool  
  17  1:17  Drone  
  17  1:21  Drone  
  18  1:30  Drone  
  19  1:39  Drone  
  20  1:49  Hatchery  
  20  1:52  Drone  
  20  2:04  Queen  
  20  2:06  Drone  
  23  2:13  Pneumatized Carapace  
  23  2:17  Drone  
  23  2:20  Drone  
  25  2:25  Overlord  
  25  2:28  Drone  
  26  2:33  Zergling x4  
  28  2:43  Queen  
  30  2:45  Drone  
  30  2:46  Drone  
  32  2:51  Overlord  
  32  2:59  Queen  
  32  3:01  Zergling x2  
  32  3:03  Zergling x2  
  36  3:11  Zergling x2  
  36  3:12  Drone  
  38  3:14  Drone x3  
  38  3:17  Drone  
  41  3:31  Drone  
  40  3:35  Drone x5  
  40  3:39  Spore Crawler  
  44  3:45  Queen  
  46  3:50  Overlord  
  46  3:55  Metabolic Boost  
  46  3:59  Drone x2  
  48  4:04  Overlord, Drone  
  49  4:11  Queen  
  49  4:13  Drone x2  
  53  4:20  Drone x3  
  56  4:26  Spore Crawler  
  55  4:36  Drone x2  
  54  4:43  Drone x9  
  63  4:47  Overlord x2  
  63  4:57  Lair  
  63  5:01  Extractor  
  63  5:02  Spore Crawler, Extractor, Roach Warren  
  59  5:08  Queen  
  59  5:13  Drone x3  
  64  5:15  Drone x4  
  68  5:27  Overlord x3  
  68  5:28  Drone x2  
  70  5:35  Extractor  
  70  5:36  Evolution Chamber  
  68  5:45  Zergling x22  
  75  5:51  Queen x2  
  76  6:01  Glial Reconstitution  
  56  6:15  Drone x11  
  57  6:36  Roach x3  
  57  6:37  Roach x6  
  75  6:41  Zerg Missile Weapons Level 1  
  75  6:42  Drone  
  68  7:04  Drone x3  
  68  7:05  Drone x7  
  67  7:16  Roach x3  
  67  7:22  Roach  
  79  7:23  Roach x2  
  79  7:30  Roach x5  
  79  7:35  Overlord x2  
  89  7:39  Overlord  
  89  7:46  Spire  
  89  7:48  Drone  
  89  8:11  Drone x14  
  103  8:14  Extractor  
  103  8:15  Extractor  
  101  8:39  Hatchery  
  98  8:44  Roach x10  
  98  8:47  Overlord x2  
  98  8:48  Overlord  
  114  8:58  Overlord x2  
  114  9:07  Ravager x3  
  114  9:08  Ravager x6  
  125  9:10  Roach x3, Zergling x8  
  121  9:20  Ravager  
  121  9:21  Roach x2, Zergling x8  
  130  9:30  Roach x4, Zergling x4  
Show
View Real Time Build Order
Export as new Build Order

HellraiseR Protoss - Winner!

Build Orders: 1 Gate Expand, Oracle Opening 

Get SALT Encoding   

  12  0:00  Probe  
  13  0:12  Probe  
  14  0:19  Pylon  
  14  0:24  Probe  
  15  0:33  Probe  
  15  0:38  Gateway  
  15  0:41  Probe  
  16  0:47  Assimilator  
  17  0:52  Probe  
  18  1:04  Probe  
  19  1:21  Nexus  
  19  1:25  Probe  
  20  1:35  Cybernetics Core  
  20  1:37  Probe  
  21  1:44  Assimilator  
  21  1:49  Probe  
  21  1:53  Pylon  
  22  2:01  Adept  
  22  2:02  Probe  
  23  2:14  Probe  
  26  2:21  Adept  
  26  2:23  Stargate  
  26  2:26  Probe  
  27  2:30  Probe  
  30  2:38  Warp Gate, Probe x2  
  32  2:48  Probe  
  32  2:50  Probe  
  34  2:52  Adept  
  36  3:00  Oracle, Probe  
  36  3:05  Probe  
  41  3:12  Probe  
  41  3:17  Probe  
  43  3:20  Gateway  
  43  3:25  Probe  
  44  3:29  Probe  
  44  3:30  Oracle  
  45  3:36  Pylon  
  45  3:37  Probe  
  45  3:41  Probe  
  46  3:51  Assimilator  
  46  3:54  Assimilator, Probe x2  
  48  3:56  Twilight Council  
  48  3:57  Pylon  
  48  4:05  Phoenix  
  48  4:06  Probe x2, Pylon  
  52  4:18  Probe x2  
  54  4:26  Adept  
  54  4:27  Adept  
  58  4:32  Resonating Glaives  
  58  4:36  Oracle, Probe  
  56  4:49  Gateway  
  56  4:50  Adept x2  
  56  4:52  Gateway  
  63  4:55  Probe  
  63  4:56  Probe  
  65  5:10  Probe  
  65  5:11  Adept x2  
  70  5:20  Nexus  
  70  5:21  Pylon  
  70  5:25  Robotics Facility  
  70  5:28  Forge  
  70  5:34  Pylon  
  70  5:39  Adept x2  
  70  5:40  Probe  
  74  5:48  Probe  
  75  5:52  Probe  
  76  5:57  Adept  
  76  5:59  Adept x2  
  76  6:02  Protoss Ground Weapons Level 1  
  78  6:07  Probe x2  
  78  6:09  Pylon x2  
  78  6:10  Adept  
  72  6:19  Probe x2  
  72  6:22  Immortal  
  72  6:23  Adept x3  
  72  6:25  Blink  
  78  6:36  Adept  
  78  6:39  Probe  
  79  6:40  Probe  
  79  6:41  Probe  
  81  6:49  Sentry x2  
  81  6:51  Probe  
  81  6:52  Probe  
  81  6:53  Probe  
  88  6:58  Immortal  
  86  7:01  Adept x2  
  83  7:16  Sentry x2, Gateway x2  
  83  7:18  Gateway  
  83  7:20  Gateway  
  86  7:25  Sentry x2  
  86  7:29  Probe x2  
  92  7:30  Observer, Probe  
  92  7:35  Assimilator, Photon Cannon  
  92  7:36  Shield Battery  
  94  7:41  Sentry x2, Probe x2  
  94  7:43  Pylon  
  100  7:45  Probe, Pylon  
  100  7:49  Warp Prism  
  101  7:52  Stalker x2  
  107  8:06  Zealot  
  107  8:07  Stalker  
  107  8:11  Stalker x2  
  107  8:12  Pylon  
  115  8:13  Pylon  
  115  8:14  Stalker  
  117  8:21  Stalker  
  117  8:22  Stalker  
  117  8:24  Photon Cannon  
  121  8:27  Stalker  
  123  8:35  Stalker x3  
  127  8:48  Stalker x3  
  127  8:49  Stalker  
  127  8:51  Probe  
  127  8:55  Assimilator  
  136  9:00  Pylon  
  136  9:05  Pylon x2  
  134  9:19  Stalker x4  
  134  9:20  Stalker x3  
  138  9:35  Stalker  
  132  9:43  Stalker x6  
  128  9:46  Stalker  
Tags
 
Add a new tag
Caveats
  • Supply blocks, unpowered buildings, or Contaminate may cause inaccurate times.
  • Supply counts are checked every 10 seconds.